 Dungeon Crawl Stone Soup version 0.28-a0-667-g162e43154e (webtiles) character file.

Game seed: 9574371741478751249

786 Lekart the Skirmisher (level 7, -4/60 HPs)
             Began as a Grey Draconian Fighter on Oct 17, 2021.
             Killed from afar by a white imp (8 damage)
             ... with a puff of frost
             ... summoned by Eustachio
             ... on level 5 of the Dungeon.
             The game lasted 00:07:36 (4891 turns).

Lekart the Skirmisher (Grey Draconian Fighter)      Turns: 4891, Time: 00:07:37

Health: -4/60      AC: 11    Str: 20    XL:     7   Next: 56%
Magic:  7/7        EV: 13    Int:  8    God:
Gold:   301        SH:  4    Dex: 11    Spells: 6/6 levels left

rFire   . . .      SeeInvis .   a - +1 long sword
rCold   . . .      Faith    .   b - +0 buckler
rNeg    . . .      Spirit   .   (armour unavailable)
rPois   .          Reflect  .   (helmet restricted)
rElec   .          Harm     .   (no cloak)
rCorr   .          Rampage  .   (no gloves)
Will    .....                   (no boots)
Stlth   ++........              (no amulet)
HPRegen 0.20/turn               (no ring)
MPRegen 0.10/turn               (no ring)

@: mighty
A: AC +11, amphibious, unfitting armour, cold-blooded
a: no special abilities


You were on level 5 of the Dungeon.
You visited 1 branch of the dungeon, and saw 5 of its levels.

You collected 301 gold pieces.

Inventory:

Hand Weapons
 a - a +1 long sword (weapon)
Armour
 b - a +0 buckler (worn)
Jewellery
 e - a ring of flight
Wands
 k - a wand of polymorph (9)
 l - a wand of acid (9)
Potions
 d - a potion of attraction {unknown}
 f - a potion of heal wounds {unknown}
 g - a potion of invisibility {unknown}
 i - a potion of curing


   Skills:
 + Level 4.9 Fighting
 + Level 4.8 Long Blades
 + Level 3.7 Throwing
 + Level 3.9 Dodging
 + Level 1.5 Stealth
 + Level 3.9 Shields


You had 6 spell levels left.
You didn't know any spells.
Your spell library contained the following spells:

 Spells                   Type           Power      Damage    Failure   Level
 Foxfire                  Conj/Fire      0%         2x1d4     41%         1
 Sublimation of Blood     Necr           0%         N/A       54%         2
 Conjure Flame            Conj/Fire      0%         6-21      78%         3
 Inner Flame              Hex/Fire       0%         N/A       78%         3
 Cause Fear               Hex            0%         N/A       99%         4
 Agony                    Necr           0%         N/A       100%        5
 Excruciating Wounds      Necr           0%         N/A       100%        5
 Eringya's Noxious Bog    Tmut/Pois      0%         N/A       100%        6
 Summon Hydra             Summ           0%         N/A       100%        7
 Discord                  Hex            0%         N/A       100%        8


Dungeon Overview and Level Annotations

Branches:
Dungeon (5/15)
 Temple: D:4-7

Altars:
Sif Muna

Annotations:
D:4 3 runed translucent doors, exclusion: downstairs, TimeIsEndless's ghost, amateur SpBe
D:5 Eustachio


Innate Abilities, Weirdness & Mutations

Your dull iron-grey scales are very hard. (AC +11)
You are amphibious.
You cannot fit into any form of body armour.
You are cold-blooded and may be slowed by cold attacks.


Message History

The white imp gestures at you. The puff of frost hits you.
The ufetubus closely misses you. The ufetubus misses you.
You block the bat's attack. Eustachio hits you but does no damage.
The white imp gestures at you. The puff of frost hits you!
* * * LOW HITPOINT WARNING * * *
You closely miss Eustachio. You tail-slap Eustachio!
Eustachio is almost dead.
The bat hits you but does no damage. x2; The ufetubus completely misses you.
You block the ufetubus's attack.
The ufetubus hits you but does no damage.
You block the ufetubus's attack. The rat bites you.
* * * LOW HITPOINT WARNING * * *
Eustachio misses you. The river rat bites you.
* * * LOW HITPOINT WARNING * * *
You barely miss Eustachio.
Eustachio is almost dead.
The ufetubus barely misses you. The ufetubus misses you.
The rat closely misses you.
Eustachio casts a spell.
Eustachio blinks!
The white imp hits you but does no damage.
The ufetubus barely misses you. The ufetubus hits you.
* * * LOW HITPOINT WARNING * * *
The river rat misses you. The bat closely misses you.
The bat closely misses you. You block the ufetubus's attack.
The ufetubus barely misses you. You block the white imp's attack.
The ufetubus hits you.
* * * LOW HITPOINT WARNING * * *
The ufetubus closely misses you. Eustachio hits you but does no damage.
You block the ufetubus's attack.
The ufetubus hits you but does no damage.
You hit Eustachio.
Eustachio is almost dead.
The bat hits you but does no damage. You block the ufetubus's attack.
The ufetubus hits you but does no damage.
The white imp gestures at you. The puff of frost hits you!
You die...

.#.#.##
#.......#..........##...
......#
##.>................###.
.##.###
#..................###.
#####
##..................#..
##............#..#....
#####........#.......
##5...######....##
##.rr...# ##.....
##.@5r...# ##....
#...(@....# #....
##..b......# ##.##
#.(.........# #.#
#.(.....#....# ###
##......###.## ##....##
## ######


You could see Eustachio, a river rat (summoned), a white imp (summoned), an
ufetubus (summoned), a bat (summoned) and 2 rats.

Vanquished Creatures
  A water moccasin (D:5)
  3 scorpions
  A water moccasin zombie (D:5)
  A water moccasin skeleton (D:4)
  A howler monkey (D:4)
  3 hounds
  3 bullfrog skeletons (D:5)
  A centaur skeleton (D:4)
  A hound skeleton (D:4)
  3 adders
  A shadow imp (D:5)
  An adder zombie (D:5)
  An adder skeleton (D:4)
  3 worms
  3 dart slugs
  10 orcs
  10 ball pythons
  5 endoplasms
  5 hobgoblins
  5 jackals
  2 quokkas
  7 bats
  14 frilled lizards
  15 kobolds
  5 rats
105 creatures vanquished.

Vanquished Creatures (others)
  2 plants (D:1)
2 creatures vanquished.

Grand Total: 107 creatures vanquished

Notes
Turn   | Place    | Note
-------+----------+-------------------------------------------
     0 | D:1      | Lekart the Draconian Fighter began the quest for the Orb.
     0 | D:1      | Reached XP level 1. HP: 19/19 MP: 1/1
   166 | D:1      | Reached XP level 2. HP: 26/26 MP: 2/2
   469 | D:1      | Found a faded altar of an unknown god.
   899 | D:1      | Reached XP level 3. HP: 33/33 MP: 3/3
  1186 | D:2      | Reached skill level 1 in Throwing
  1868 | D:2      | Got the Collected Works on the Flamy Entourage
  2452 | D:3      | Reached XP level 4. HP: 38/40 MP: 4/4
  2495 | D:3      | Got Sif Muna's Tome of Unholy Toxins
  2952 | D:3      | Found a shimmering blue altar of Sif Muna.
  3258 | D:4      | Reached XP level 5. HP: 46/46 MP: 5/5
  3469 | D:4      | Found a runed translucent gate.
  3469 | D:4      | Found a runed translucent gate.
  3469 | D:4      | Found a runed translucent gate.
  3470 | D:4      | Noticed TimeIsEndless's ghost (amateur SpBe)
  3510 | D:4      | Reached skill level 1 in Stealth
  3510 | D:4      | Reached XP level 6. HP: 49/52 MP: 6/6
  4204 | D:5      | Entered Level 5 of the Dungeon
  4465 | D:5      | Your scales start taking on a dull iron-grey colour.
  4465 | D:5      | Reached XP level 7. HP: 55/59 MP: 7/7
  4861 | D:5      | Noticed Eustachio
  4890 | D:5      | HP: 3/60 [ufetubus[Eustachio] (4)]
  4891 | D:5      | Killed from afar by a white imp

Illustrated notes

Levels and vault maps discovered:
D:1:      wander_arrival_estate, layout_basic, ebering_ecumenical_altar_hall,
          minmay_lizard_king
D:2:      minmay_kobold_bridge, layout_basic
D:3:      layout_basic, lemuel_coloured_pillars_altar, dk_noncrumbling_2
D:4:      layout_cave_pods, gammafunk_ghost_necromancy
D:5:      layout_cave_pools, uniq_eustachio

Skill      XL: |  1  2  3  4  5  6 |
---------------+-------------------+-----
Dodging        | 3 |  3.9
Throwing       | 1 2 3 |  3.7
Fighting       | 4 |  4.9
Long Blades    | 3 4 |  4.8
Stealth        | 1 |  1.5
Shields        | |  3.9

Action                   |  1- 3 |  4- 6 |  7- 9 || total
-------------------------+-------+-------+-------++-------
Melee: Long sword        |   109 |   119 |    53 ||   281
       Tailslap          |     7 |    14 |     9 ||    30
Throw: Boomerang         |    38 |       |       ||    38
       Dart              |    59 |    81 |    23 ||   163
  Use: Scroll            |       |     4 |       ||     4
       Potion            |       |     2 |     1 ||     3
Armor: Skin              |    52 |    44 |    38 ||   134
Dodge: Dodged            |    82 |    96 |    59 ||   237
Block: Buckler           |    43 |    38 |    17 ||    98

Table legend: (Time is in decaauts)
 A = Elapsed time spent in this place.
 B = Non-inter-level travel time spent in this place.
 C = Inter-level travel time spent in this place.
 D = Time resting spent in this place.
 E = Time spent auto-exploring this place.
 F = Levels seen in this place.
 G = Mean time per level.
                   A        B        C        D        E       F      G
               +--------+--------+--------+--------+--------+-----+--------+
         Total |   4971 |   4863 |    108 |     26 |   3968 |   5 |  994.2 |
       Dungeon |   4971 |   4863 |    108 |     26 |   3968 |   5 |  994.2 |
               +--------+--------+--------+--------+--------+-----+--------+

Top non-repeatable levels by time:
     D:4: 1231 daAuts
     D:1: 1208 daAuts
     D:2: 1116 daAuts
     D:3: 746 daAuts
     D:5: 668 daAuts
